[Event "18th Delhi GM Open 2020"]
[Site "Delhi"]
[Date "2020.01.09"]
[Round "1.20"]
[White "Grover, Sahaj"]
[Black "Sarbojit Paul"]
[Result "1-0"]
[ECO "D00"]
[WhiteElo "2521"]
[BlackElo "2084"]
[Annotator "ChessBase"]
[PlyCount "77"]
[EventDate "2020.01.09"]
[EventType "swiss"]
[EventCountry "IND"]
[SourceTitle "playchess.com"]
[Source "ChessBase"]
[SourceQuality "1"]
[TimeControl "5400+30"]

1. d4 d5 2. Bf4 Nf6 3. e3 c5 4. c3 Nc6 5. Nd2 Bf5 6. Ngf3 Qb6 7. dxc5 Qxb2 8. Nd4 Bg6 9. Bb5 e5 10. Bxe5 Nd7 11. Bg3 Bxc5 12. O-O Bxd4 13. Bxc6 bxc6 14. cxd4 O-O 15. Qc1 Qxc1 16. Rfxc1 Rfc8 17. Bd6 f6 18. Rc3 a5 19. Rac1 Ra6 20. Rb3 Rb6 21. Ra3 Ra6 22. Rb3 Rb6 23. Bc5 Rb5 24. a4 Rbb8 25. Bd6 Rb6 26. Bc5 Rbb8 27. Ba7 Rb4 28. Ra3 c5 29. Bxc5 Nxc5 30. dxc5 Rb2 31. Nb3 Bc2 32. Nd4 Rxc5 33. h4 Rc4 34. h5 Rxa4 35. Rc3 Rxd4 36. exd4 Bb3 37. Rc7 Rd2 38. Ra7 Bc4 39. Rb1 1-0

[Event "18th Delhi GM Open 2020"]
[Site "Delhi"]
[Date "2020.01.09"]
[Round "1.23"]
[White "Balkishan, A.."]
[Black "Stupak, Kirill"]
[Result "0-1"]
[ECO "A57"]
[WhiteElo "2079"]
[BlackElo "2506"]
[Annotator "RC"]
[PlyCount "89"]
[EventDate "2020.01.09"]
[EventType "swiss"]
[EventCountry "IND"]
[SourceTitle "playchess.com"]
[Source "ChessBase"]
[SourceQuality "1"]
[TimeControl "5400+30"]

1. d4 Nf6 2. c4 c5 3. d5 b5 4. Nf3 g6 5. g3 bxc4 6. Nc3 Bg7 7. e4 d6 8. Nd2 O-O 9. Nxc4 Ba6 10. h4 h5 11. Bg5 Nbd7 12. Qd2 Rb8 13. Rb1 Rb4 14. b3 Bxc4 15. Bxf6 Bxf6 16. Bxc4 Qa5 17. Nd1 Bd4 18. Rc1 Rfb8 19. Rc2 Nf6 20. Bd3 Qd8 21. O-O a5 22. Kg2 a4 23. bxa4 Rxa4 24. f4 Qa5 25. Qe2 Ng4 26. e5 Qa8 27. Be4 Kg7 28. Bf3 Rb1 29. exd6 exd6 30. f5 Ne5 31. Be4 Ra1 32. Ne3 Bxe3 33. f6+ Kg8 34. Qxe3 Rxf1 35. Kxf1 Ng4 36. Qe2 Ra3 37. Rb2 Re3 38. Qc2 Qd8 39. Kg2 Qxf6 40. Kh3 Qe5 41. Rb8+ Kg7 42. Qg2 Rxe4 43. Qf3 Re2 44. Rg8+ Kxg8 45. Qf4 0-1

[Event "18th Delhi GM Open 2020"]
[Site "Delhi"]
[Date "2020.01.10"]
[Round "3.9"]
[White "Fedorov, Alexei"]
[Black "Das, Sayantan"]
[Result "1/2-1/2"]
[ECO "C00"]
[WhiteElo "2562"]
[BlackElo "2424"]
[Annotator "RC"]
[PlyCount "98"]
[EventDate "2020.01.09"]
[EventType "swiss"]
[EventCountry "IND"]
[SourceTitle "playchess.com"]
[Source "ChessBase"]
[SourceQuality "1"]
[TimeControl "5400+30"]

1. e4 e6 2. Qe2 c5 3. f4 Nc6 4. Nf3 d5 5. exd5 Qxd5 6. Nc3 Qd8 7. b3 Nh6 8. Bb2 Nf5 9. O-O-O Be7 10. Ne4 O-O 11. Kb1 Bd7 12. Qf2 Qb6 13. Ne5 Nxe5 14. fxe5 Bc6 15. Bd3 Bxe4 16. Bxe4 Nd4 17. Rhe1 a5 18. a4 Rad8 19. Qf1 Rd7 20. Qd3 g6 21. c3 c4 22. Qxc4 Nxb3 23. d4 Rc7 24. Qb5 Qxb5 25. axb5 a4 26. b6 Rc4 27. Ka2 Na5 28. Rd3 Rcc8 29. Rb1 Nc4 30. Bxb7 Rb8 31. Ba6 Nxb6 32. c4 Ra8 33. Bb5 Rfc8 34. c5 Nd5 35. Bc1 Rcb8 36. Bd2 f6 37. exf6 Bxf6 38. g4 Kf7 39. g5 Bg7 40. Rf1+ Ke7 41. Bc6 Ra6 42. Bxd5 exd5 43. Bf4 Rb3 44. Bd6+ Ke6 45. Re1+ Kf5 46. Rd2 Kxg5 47. Re7 Bf6 48. Rxh7 Rf3 49. Rb7 a3 1/2-1/2

[Event "18th Delhi GM Open 2020"]
[Site "Delhi"]
[Date "2020.01.10"]
[Round "3.20"]
[White "Vatsal Singhania"]
[Black "Tukhaev, Adam"]
[Result "1/2-1/2"]
[ECO "B06"]
[WhiteElo "2230"]
[BlackElo "2548"]
[Annotator "RC"]
[PlyCount "120"]
[EventDate "2020.01.09"]
[EventType "swiss"]
[EventCountry "IND"]
[SourceTitle "playchess.com"]
[Source "ChessBase"]
[SourceQuality "1"]
[TimeControl "5400+30"]

1. e4 d6 2. d4 g6 3. Nc3 Bg7 4. Be3 a6 5. Qd2 b5 6. h4 h6 7. O-O-O Bb7 8. f3 Nd7 9. Nge2 Rc8 10. g4 c5 11. dxc5 Nxc5 12. Nd4 Nf6 13. h5 b4 14. Nce2 e5 15. hxg6 fxg6 16. Bxh6 exd4 17. Nxd4 Qe7 18. Bg2 Rxh6 19. Rxh6 Qf7 20. Kb1 Bxh6 21. Qxh6 Ncd7 22. Bh3 Qh7 23. g5 Rc5 24. Ne6 Rc6 25. Rg1 Bc8 26. f4 Rc4 27. f5 Qxh6 28. gxh6 g5 29. Nxg5 Nf8 30. Bf1 Rc7 31. Bd3 Re7 32. Kc1 Bb7 33. Rd1 N6h7 34. Nh3 Kd7 35. Re1 Nf6 36. Ng5 a5 37. Kd2 Bc6 38. Rh1 N8h7 39. Nxh7 Rxh7 40. Ke3 Rxh6 41. Rxh6 Ng4+ 42. Kf4 Nxh6 43. e5 dxe5+ 44. Kxe5 Ng4+ 45. Kd4 Kd6 46. c3 bxc3 47. Kxc3 Ne3 48. Kd4 Nd1 49. b3 Nf2 50. Be2 Ne4 51. Bf3 Nf6 52. Bxc6 Kxc6 53. Kc4 Ne4 54. f6 Nxf6 55. b4 a4 56. b5+ Kb6 57. Kb4 Nd5+ 58. Kxa4 Nc3+ 59. Kb3 Nxa2 60. Kxa2 Kxb5 1/2-1/2

[Event "18th Delhi GM Open 2020"]
[Site "Delhi"]
[Date "2020.01.10"]
[Round "3.22"]
[White "Vasquez Schroeder, Rodrigo"]
[Black "Mohite, Ranveer"]
[Result "1/2-1/2"]
[ECO "D79"]
[WhiteElo "2487"]
[BlackElo "2281"]
[Annotator "RC"]
[PlyCount "96"]
[EventDate "2020.01.09"]
[EventType "swiss"]
[EventCountry "IND"]
[SourceTitle "playchess.com"]
[Source "ChessBase"]
[SourceQuality "1"]
[TimeControl "5400+30"]

1. d4 Nf6 2. Nf3 g6 3. c4 Bg7 4. g3 O-O 5. Bg2 c6 6. O-O d5 7. cxd5 cxd5 8. Ne5 Ne4 9. Nd2 Nxd2 10. Bxd2 Nd7 11. Bc3 Nf6 12. f3 Qb6 13. e3 Qe6 14. Re1 b6 15. a4 Nd7 16. Nd3 a5 17. Nf4 Qd6 18. Nxd5 Bb7 19. Nf4 Rfd8 20. Nd3 Rac8 21. f4 Bxg2 22. Kxg2 Qc6+ 23. Qf3 Qc4 24. Ne5 Nxe5 25. fxe5 e6 26. Qe2 Qc6+ 27. Kg1 Bf8 28. Qg2 Qc4 29. Qe4 Rd7 30. Rec1 Rdc7 31. Qc2 Qd5 32. Qe2 Bb4 33. Qd3 Qb3 34. Qb5 Qc4 35. Rc2 Bxc3 36. Rac1 Qb4 37. bxc3 Rxc3 38. Rxc3 Rxc3 39. Qe8+ Kg7 40. Rf1 Rc7 41. Qd8 Qe7 42. Qxe7 Rxe7 43. Rb1 Rb7 44. Rb5 Rc7 45. Rxb6 Rc4 46. h3 Rxa4 47. h4 h5 48. Kf2 Ra2+ {[%emt 0:00:15] Ra6 Ra1 Ra7 Kf8 e4 Ra2+ Ke3 Ra3+ Ke2 Rxg3 d5 exd5 exd5 Rg4 Ke3 Rb4 Rxa5 Rb7 Ra4 Ke7 Kf4 f6 exf6+ Kxf6 Ra6+ Kf7 Kg5 Rb5 Ra7+ Ke8 Kf6 Rxd5 Ke6 Rd4 Ra8+ Rd8 Ra7} 1/2-1/2

[Event "18th Delhi GM Open 2020"]
[Site "Delhi"]
[Date "2020.01.10"]
[Round "3.27"]
[White "Shyaamnikhil P"]
[Black "Ziatdinov, Raset"]
[Result "1-0"]
[ECO "A06"]
[WhiteElo "2458"]
[BlackElo "2203"]
[Annotator "RC"]
[PlyCount "74"]
[EventDate "2020.01.09"]
[EventType "swiss"]
[EventCountry "IND"]
[SourceTitle "playchess.com"]
[Source "ChessBase"]
[SourceQuality "1"]
[TimeControl "5400+30"]

1. Nf3 d5 2. g3 Nc6 3. d4 b5 4. Bg2 e6 5. O-O Nf6 6. Nbd2 Bb7 7. c3 Bd6 8. e4 dxe4 9. Ng5 Ne7 10. Ndxe4 Nxe4 11. Nxe4 Rb8 12. Qh5 O-O 13. Bg5 Bxe4 14. Bxe4 h6 15. Rfe1 Qd7 16. Bc2 Nd5 17. Bxh6 gxh6 18. Qxh6 f6 19. Re4 Nf4 20. gxf4 Qg7+ 21. Qxg7+ Kxg7 22. Rae1 Rh8 23. Rxe6 Rh4 24. Re7+ Bxe7 25. Rxe7+ Kh8 26. Rxc7 Rg8+ 27. Kf1 Rxh2 28. Rxa7 Rg4 29. Re7 Rxf4 30. Re2 b4 31. d5 bxc3 32. bxc3 Rg4 33. Rd2 Rh5 34. Ke2 Re5+ {[%emt 0:01:12] Bb3 Rg8+} 35. Kf3 {[%emt 0:09:42] Rge8 c4 Rc8 Rc2 Rc5 Kg4 Rg5+ Kf3 Re5} Re2 {[%emt 0:06:23] Kg7 Re4 Rc8 Ke3 Kf7 Kd4 Rxe4+ Kxe4 Ke7 Kd4 Rh8 c5 Rh4+ Ke3 Rb4 Kd3 Rf4 Ke3 Rb4} 36. d6 {[%emt 0:05:34] Kd7 Bd5} Ra4 {[%emt 0:31:25] Kd3 Rg4 Kc3 Rb4 Kxb4} 37. Bb3 Rxf2+ {[%emt 0:20:32] Ba4+ Kc8 Bb3 Kd7 Kb6 Rb2 c6+} 1-0

[Event "18th Delhi GM Open 2020"]
[Site "Delhi"]
[Date "2020.01.11"]
[Round "4.5"]
[White "Rahman, Ziaur"]
[Black "Hesham, Abdelrahman"]
[Result "1-0"]
[ECO "A45"]
[WhiteElo "2434"]
[BlackElo "2429"]
[Annotator "RC"]
[PlyCount "104"]
[EventDate "2020.01.09"]
[EventType "swiss"]
[EventCountry "IND"]
[SourceTitle "playchess.com"]
[Source "ChessBase"]
[SourceQuality "1"]
[TimeControl "5400+30"]

1. d4 Nf6 2. Bg5 Ne4 3. Bf4 e6 4. Nd2 d5 5. Nxe4 dxe4 6. e3 Bd6 7. Nh3 Qe7 8. c3 Nd7 9. Qc2 f5 10. O-O-O e5 11. dxe5 Nxe5 12. Bxe5 Bxe5 13. Qb3 a5 14. a4 c6 15. Bc4 b5 16. axb5 a4 17. Qa3 Qxa3 18. bxa3 Bd7 19. bxc6 Bxc6 20. Ng5 Bxc3 21. Rd6 Rc8 22. Ba6 Rc7 23. Rhd1 Bd7 24. Rxd7 Bd2+ 25. Kb2 Kxd7 26. Rxd2+ Ke7 27. Rd4 Ra8 28. Bc4 Rb8+ 29. Kc2 Rcb7 30. g4 Kf6 31. h4 h6 32. Nh3 fxg4 33. Nf4 Rb2+ 34. Kc3 Rxf2 35. Rxe4 Rc8 36. Kd3 Rd8+ 37. Nd5+ Kf5 38. Re7 Kg6 39. Kd4 Rd2+ 40. Ke5 g3 41. Nf4+ Kh7 42. Nh5 g2 43. Rxg7+ Kh8 44. Rg6 Kh7 45. Bf7 Rf2 46. Nf4 Rd7 47. Bg8+ Kh8 48. Bd5 Re7+ 49. Kd4 Rd2+ 50. Kc5 Rxe3 51. Rxh6+ Kg7 52. Rg6+ Kh7 1-0

[Event "18th Delhi GM Open 2020"]
[Site "Delhi"]
[Date "2020.01.12"]
[Round "5.13"]
[White "Bogdanovich, Stanislav"]
[Black "Pranesh M"]
[Result "0-1"]
[ECO "A45"]
[WhiteElo "2562"]
[BlackElo "2317"]
[Annotator "RC"]
[PlyCount "64"]
[EventDate "2020.01.09"]
[EventType "swiss"]
[EventCountry "IND"]
[SourceTitle "playchess.com"]
[Source "ChessBase"]
[SourceQuality "1"]
[TimeControl "5400+30"]

1. d4 Nf6 2. Bg5 d5 3. e3 e6 4. Nd2 c5 5. c3 Nc6 6. Bd3 Qb6 7. Rb1 e5 8. Bxf6 gxf6 9. e4 Be6 10. exd5 Bxd5 11. Be4 Bxa2 12. Ra1 Qxb2 13. d5 O-O-O 14. Rxa2 Qxa2 15. dxc6 Bh6 16. cxb7+ Kb8 17. Ngf3 f5 18. Bxf5 e4 19. Bxe4 Rhe8 20. O-O Rxe4 21. Nxe4 Rxd1 22. Rxd1 Bf8 23. h4 Kxb7 24. Kh2 Qa4 25. Re1 f5 26. Neg5 h6 27. Nf7 Qd7 28. N3e5 Bd6 29. Rb1+ Kc8 30. f4 Bxe5 31. Nxe5 Qd2 32. Ng6 a5 0-1

[Event "18th Delhi GM Open 2020"]
[Site "Delhi"]
[Date "2020.01.12"]
[Round "5.21"]
[White "Grover, Sahaj"]
[Black "Saurabh Anand"]
[Result "1/2-1/2"]
[ECO "C91"]
[WhiteElo "2521"]
[BlackElo "2269"]
[Annotator "RC"]
[PlyCount "69"]
[EventDate "2020.01.09"]
[EventType "swiss"]
[EventCountry "IND"]
[SourceTitle "playchess.com"]
[Source "ChessBase"]
[SourceQuality "1"]
[TimeControl "5400+30"]

1. e4 e5 2. Nf3 Nc6 3. Bb5 a6 4. Ba4 Nf6 5. O-O Be7 6. Re1 b5 7. Bb3 d6 8. c3 O-O 9. d4 Bg4 10. Be3 exd4 11. cxd4 d5 12. e5 Ne4 13. h3 Bh5 14. Nbd2 Bb4 15. Qc2 Nxd2 16. Nxd2 Na5 17. f4 f5 18. Rec1 c6 19. Kh2 Qd7 20. Rg1 Rfc8 21. Nf1 c5 22. dxc5 Nxb3 23. Qxb3 Bxc5 24. Rc1 Be7 25. Nd2 Bf7 26. Qd3 d4 27. b3 Ba3 28. Rxc8+ Rxc8 29. Nb1 Bb2 30. Bf2 Bd5 31. Nd2 Rc3 32. Qb1 d3 33. Qxb2 Rc2 34. Qd4 Rxd2 35. Be3 1/2-1/2

[Event "18th Delhi GM Open 2020"]
[Site "Delhi"]
[Date "2020.01.12"]
[Round "6.1"]
[White "Karthik Venkataraman"]
[Black "Aleksandrov, Aleksej"]
[Result "0-1"]
[ECO "C65"]
[WhiteElo "2479"]
[BlackElo "2592"]
[Annotator "ChessBase"]
[PlyCount "136"]
[EventDate "2020.01.09"]
[EventType "swiss"]
[EventCountry "IND"]
[SourceTitle "playchess.com"]
[Source "ChessBase"]
[SourceQuality "1"]
[TimeControl "5400+30"]

1. e4 e5 2. Nf3 Nc6 3. Bb5 Nf6 4. d3 Bc5 5. Bxc6 dxc6 6. Nbd2 Be6 7. Nb3 Bd6 8. O-O Qe7 9. Na5 O-O-O 10. a3 c5 11. Be3 Nd7 12. b4 Nb6 13. c4 cxb4 14. Qc2 b3 15. Nxb3 c5 16. Nfd2 Kd7 17. Nb1 Rc8 18. Nc3 Rhd8 19. Rab1 Ke8 20. Nd2 Qd7 21. Rfd1 Kf8 22. Qb3 Rb8 23. Nb5 Ra8 24. Nf1 Kg8 25. a4 Bf8 26. Nc3 Rab8 27. Qa3 Qc6 28. Nb5 Ra8 29. Qb3 Rd7 30. Rd2 Nc8 31. Nc3 Ne7 32. Nd5 Qd6 33. Qc3 Nc6 34. Rb5 Nd4 35. Bxd4 cxd4 36. Qb3 Rb8 37. Rb2 f6 38. Ng3 Rf7 39. a5 Bd7 40. Nf5 Qa6 41. Nc7 Qc6 42. Nd5 Qc8 43. c5 Qd8 44. a6 Bc6 45. Qc4 g6 46. Ng3 Bxb5 47. Qxb5 b6 48. cxb6 axb6 49. Qc6 Kg7 50. h4 Qd6 51. Qb5 Qc5 52. Qb3 Qa3 53. Qb5 Qc5 54. Qb3 Qa3 55. Qb5 Ra8 56. Nxb6 Rxa6 57. Nc4 Qa4 58. Qd5 Qd1+ 59. Kh2 Qg4 60. Rb7 Qxh4+ 61. Kg1 Ra1+ 62. Nf1 Rxb7 63. Qxb7+ Kh6 64. Qf7 Bb4 65. Qb7 Be1 66. Qb2 Bc3 67. Qe2 Qh5 68. f3 Qh4 0-1

[Event "18th Delhi GM Open 2020"]
[Site "Delhi"]
[Date "2020.01.12"]
[Round "6.2"]
[White "Martinez Alcantara, Jose Eduardo"]
[Black "Krishna C R G"]
[Result "1-0"]
[ECO "C19"]
[WhiteElo "2606"]
[BlackElo "2436"]
[Annotator "ChessBase"]
[PlyCount "54"]
[EventDate "2020.01.09"]
[EventType "swiss"]
[EventCountry "IND"]
[SourceTitle "playchess.com"]
[Source "ChessBase"]
[SourceQuality "1"]
[TimeControl "5400+30"]

1. e4 e6 2. d4 d5 3. Nc3 Bb4 4. e5 c5 5. a3 Bxc3+ 6. bxc3 Ne7 7. a4 Nbc6 8. Nf3 O-O 9. Bd3 f6 10. h4 c4 11. Be2 Bd7 12. exf6 gxf6 13. Ba3 Qc7 14. Qd2 Rf7 15. h5 Kh8 16. Nh4 Rg7 17. f4 a6 18. g4 b5 19. Qe3 Re8 20. Bc5 Qa5 21. Qd2 Reg8 22. Kd1 Re8 23. g5 fxg5 24. fxg5 Nf5 25. h6 Rgg8 26. Nxf5 exf5 27. Bf3 Qd8 {[%emt 0:04:05] Ke2} 1-0

[Event "18th Delhi GM Open 2020"]
[Site "Delhi"]
[Date "2020.01.12"]
[Round "6.4"]
[White "Gupta, Abhijeet"]
[Black "Shyaamnikhil P"]
[Result "1/2-1/2"]
[ECO "E11"]
[WhiteElo "2603"]
[BlackElo "2458"]
[Annotator "ChessBase"]
[PlyCount "121"]
[EventDate "2020.01.09"]
[EventType "swiss"]
[EventCountry "IND"]
[SourceTitle "playchess.com"]
[Source "ChessBase"]
[SourceQuality "1"]
[TimeControl "5400+30"]

1. d4 Nf6 2. c4 e6 3. Nf3 Bb4+ 4. Nbd2 O-O 5. g3 b6 6. Bg2 Bb7 7. O-O Re8 8. Qc2 Bxd2 9. Bxd2 Be4 10. Qc1 Nc6 11. Bc3 Ne7 12. d5 Ng6 13. dxe6 fxe6 14. Qe3 e5 15. Rad1 d6 16. Bh3 Bc6 17. Ng5 Nf8 18. f4 exf4 19. Qxf4 h6 20. Nf3 Ng6 21. Qc1 Ne4 22. Nd4 Bd7 23. Bg2 Rb8 24. Qc2 Qg5 25. Be1 Re7 26. Nf3 Qe3+ 27. Kh1 Rf8 28. b4 Qa3 29. Rd3 Qa6 30. Kg1 Qc8 31. Re3 Qe8 32. Nd4 Rxf1+ 33. Kxf1 Nf6 34. Rxe7 Nxe7 35. c5 dxc5 36. bxc5 Qh5 37. cxb6 cxb6 38. Kg1 Bh3 39. Bf3 Qe5 40. Qd3 Qc5 41. Qc3 Qe5 42. Qd3 Qc5 43. e3 Kh8 44. Bd2 Qe5 45. e4 Ng6 46. Bc3 Qc5 47. Bb2 Ne5 48. Qe2 Nxf3+ 49. Qxf3 Qe5 50. Qf4 Qxe4 51. Qxe4 Nxe4 52. Nb5 Bd7 53. Nxa7 Kg8 54. Kg2 Kf7 55. Kf3 Nd2+ 56. Ke2 Nc4 57. Bd4 Na3 58. Bxb6 h5 59. Kd3 Ke6 60. Kd4 Nb5+ 61. Ke4 {[%emt 0:01:39] Ke5+} 1/2-1/2

[Event "18th Delhi GM Open 2020"]
[Site "Delhi"]
[Date "2020.01.12"]
[Round "6.5"]
[White "Lugovskoy, Maxim"]
[Black "Pantsulaia, Levan"]
[Result "1-0"]
[ECO "B40"]
[WhiteElo "2453"]
[BlackElo "2598"]
[Annotator "ChessBase"]
[PlyCount "53"]
[EventDate "2020.01.09"]
[EventType "swiss"]
[EventCountry "IND"]
[SourceTitle "playchess.com"]
[Source "ChessBase"]
[SourceQuality "1"]
[TimeControl "5400+30"]

1. e4 c5 2. Nf3 e6 3. c3 Nf6 4. e5 Nd5 5. d4 cxd4 6. cxd4 Qc7 7. Bd2 b6 8. Nc3 Nxc3 9. bxc3 Be7 10. Bd3 Ba6 11. c4 Bxc4 12. Rc1 b5 13. O-O O-O 14. Ng5 Bxg5 15. Bxg5 Qb7 16. Rxc4 bxc4 17. Bf6 gxf6 18. exf6 Kh8 19. Bxh7 Rg8 20. Bxg8 Qe4 21. Bxf7 Qf5 22. d5 Qxf6 23. dxe6 dxe6 24. Bxe6 Qxe6 25. Re1 Qf6 26. Qh5+ Kg7 27. Qg4+ 1-0

[Event "18th Delhi GM Open 2020"]
[Site "Delhi"]
[Date "2020.01.12"]
[Round "6.8"]
[White "Khusenkhojaev, Muhammad"]
[Black "Ghosh, Diptayan"]
[Result "0-1"]
[ECO "E32"]
[WhiteElo "2420"]
[BlackElo "2550"]
[Annotator "RC"]
[PlyCount "82"]
[EventDate "2020.01.09"]
[EventType "swiss"]
[EventCountry "IND"]
[SourceTitle "playchess.com"]
[Source "ChessBase"]
[SourceQuality "1"]
[TimeControl "5400+30"]

1. d4 Nf6 2. c4 e6 3. Nc3 Bb4 4. Qc2 d6 5. Nf3 Nbd7 6. a3 Bxc3+ 7. Qxc3 O-O 8. e3 Re8 9. Be2 e5 10. O-O e4 11. Nd2 d5 12. b4 dxc4 13. Nxc4 Nd5 14. Qc2 N7b6 15. Nd2 Bf5 16. Rd1 Qg5 17. Nf1 h5 18. Bd2 h4 19. a4 Bh3 20. g3 Bg4 21. Bxg4 Qxg4 22. Rdc1 Nd7 23. Qd1 Qg6 24. b5 Re6 25. a5 Rd8 26. Ra2 N7f6 27. a6 b6 28. Qe2 Nh7 29. Rac2 Ng5 30. Rxc7 Nf3+ 31. Kh1 Nxc7 32. Rxc7 Ra8 33. Bb4 Qf5 34. Be7 Qh3 35. d5 Rh6 36. Rc1 Rc8 37. Rd1 Qd7 38. d6 Rc5 39. gxh4 Rg6 40. Bg5 Rcxg5 41. hxg5 Rxg5 0-1

[Event "18th Delhi GM Open 2020"]
[Site "Delhi"]
[Date "2020.01.12"]
[Round "6.9"]
[White "Tukhaev, Adam"]
[Black "Karthikeyan, P.."]
[Result "1-0"]
[ECO "B06"]
[WhiteElo "2548"]
[BlackElo "2416"]
[Annotator "ChessBase"]
[PlyCount "59"]
[EventDate "2020.01.09"]
[EventType "swiss"]
[EventCountry "IND"]
[SourceTitle "playchess.com"]
[Source "ChessBase"]
[SourceQuality "1"]
[TimeControl "5400+30"]

1. e4 g6 2. d4 Bg7 3. Nc3 d6 4. Be3 a6 5. h4 h6 6. f4 Nf6 7. Be2 h5 8. Nh3 d5 9. e5 Ng4 10. Qd2 Bf5 11. Bf3 e6 12. Bf2 Nd7 13. Ne2 c5 14. c4 dxc4 15. d5 Ngxe5 16. fxe5 Nxe5 17. Nhf4 Nxf3+ 18. gxf3 e5 19. Nh3 b5 20. Nc3 Bd3 21. Bxc5 Rc8 22. Qe3 Qxh4+ 23. Nf2 Qg3 24. Ne2 Bxe2 25. Kxe2 Qf4 26. Ne4 Qxe3+ 27. Bxe3 O-O 28. Rad1 c3 29. bxc3 Rc4 30. d6 1-0

[Event "18th Delhi GM Open 2020"]
[Site "Delhi"]
[Date "2020.01.12"]
[Round "6.10"]
[White "Das, Sayantan"]
[Black "Gholami, Aryan"]
[Result "1/2-1/2"]
[ECO "A05"]
[WhiteElo "2424"]
[BlackElo "2541"]
[Annotator "ChessBase"]
[PlyCount "61"]
[EventDate "2020.01.09"]
[EventType "swiss"]
[EventCountry "IND"]
[SourceTitle "playchess.com"]
[Source "ChessBase"]
[SourceQuality "1"]
[TimeControl "5400+30"]

1. Nf3 Nf6 2. c4 b6 3. g3 Bb7 4. Bg2 e6 5. O-O Be7 6. b3 O-O 7. Bb2 d5 8. e3 c5 9. Nc3 Nc6 10. cxd5 Nxd5 11. Nxd5 Qxd5 12. d4 Na5 13. dxc5 Bxc5 14. Qxd5 Bxd5 15. Ne5 Rfd8 16. Rfd1 Bxg2 17. Kxg2 f6 18. Nd3 Be7 19. Rac1 Rac8 20. Rxc8 Rxc8 21. Rd2 Kf7 22. f4 Rd8 23. Kf3 Nc6 24. Ke2 Rc8 25. Rd1 Ke8 26. Rc1 Kd7 27. Rd1 Ke8 28. Rc1 Kd7 29. Rd1 Ke8 30. Rc1 Kd7 31. Rd1 1/2-1/2

[Event "18th Delhi GM Open 2020"]
[Site "Delhi"]
[Date "2020.01.12"]
[Round "6.12"]
[White "Stupak, Kirill"]
[Black "Muthaiah AL"]
[Result "1-0"]
[ECO "D37"]
[WhiteElo "2506"]
[BlackElo "2367"]
[Annotator "ChessBase"]
[PlyCount "127"]
[EventDate "2020.01.09"]
[EventType "swiss"]
[EventCountry "IND"]
[SourceTitle "playchess.com"]
[Source "ChessBase"]
[SourceQuality "1"]
[TimeControl "5400+30"]

1. d4 d5 2. c4 e6 3. Nf3 Nf6 4. Nc3 Nbd7 5. cxd5 exd5 6. Bg5 c6 7. e3 Be7 8. Qc2 O-O 9. Bd3 Re8 10. Bf4 Nf8 11. h3 Ne6 12. Be5 g6 13. O-O Ng7 14. Rab1 a5 15. a3 Bf5 16. b4 axb4 17. axb4 b5 18. Bxf5 Nxf5 19. Ne2 Qb6 20. Rfc1 Rec8 21. Bxf6 Bxf6 22. Ne5 Nd6 23. Nd7 Qd8 24. Nc5 Nc4 25. Ra1 Be7 26. Qd1 Rc7 27. Nc3 Rca7 28. Nd3 Ra3 29. Rxa3 Rxa3 30. Qc2 Bd6 31. Nb1 Ra6 32. Nc3 f5 33. g3 Qe7 34. Nc5 Ra3 35. Nb1 Ra1 36. Qc3 Ra2 37. Rc2 Qa7 38. Nd2 Rxc2 39. Qxc2 Qa3 40. Ndb3 Qxb4 41. Qa2 Bxc5 42. Nxc5 Qa5 43. Qc2 Qe1+ 44. Kg2 Kf7 45. Nd3 Qa5 46. g4 fxg4 47. hxg4 Ke6 48. Qe2 Qd2 49. Nc5+ Ke7 50. Qf3 Qa2 51. g5 Ke8 52. Qh3 Qa7 53. Qc8+ Kf7 54. Qe6+ Kg7 55. Nd7 Qa3 56. Nc5 Qa7 57. Qf6+ Kg8 58. Ne6 h5 59. Qxg6+ Kh8 60. Qe8+ Kh7 61. Qxh5+ Kg8 62. Qe8+ Kh7 63. g6+ Kh6 64. g7 1-0

[Event "18th Delhi GM Open 2020"]
[Site "Delhi"]
[Date "2020.01.12"]
[Round "6.13"]
[White "Gusain, Himal"]
[Black "Vasquez Schroeder, Rodrigo"]
[Result "1-0"]
[ECO "C45"]
[WhiteElo "2401"]
[BlackElo "2487"]
[Annotator "ChessBase"]
[PlyCount "77"]
[EventDate "2020.01.09"]
[EventType "swiss"]
[EventCountry "IND"]
[SourceTitle "playchess.com"]
[Source "ChessBase"]
[SourceQuality "1"]
[TimeControl "5400+30"]

1. e4 e5 2. Nf3 Nc6 3. d4 exd4 4. Nxd4 Bc5 5. Nb3 Bb6 6. Nc3 Nf6 7. Bg5 h6 8. Bh4 d6 9. Qe2 g5 10. Bg3 Qe7 11. h4 Rg8 12. O-O-O Bd7 13. hxg5 hxg5 14. Qd2 O-O-O 15. Re1 Rde8 16. f3 Qf8 17. Na4 Qg7 18. Nxb6+ axb6 19. a4 g4 20. Bf4 gxf3 21. gxf3 Ne5 22. Nd4 Rh8 23. Rxh8 Qxh8 24. a5 bxa5 25. Qxa5 Kb8 26. Nb5 Bxb5 27. Bxb5 b6 28. Qc3 Qh4 29. Bd2 c6 30. Be2 Kb7 31. Kb1 Ra8 32. Qd4 Kc7 33. Rd1 c5 34. Qxd6+ Kxd6 35. Bg5+ Ke6 36. Bxh4 Nh5 37. Bd8 Ng3 38. f4 Ra4 39. f5+ {[%emt 0:00:33] Kd5} 1-0

[Event "18th Delhi GM Open 2020"]
[Site "Delhi"]
[Date "2020.01.12"]
[Round "6.14"]
[White "Czebe, Attila"]
[Black "Kaczur, Florian"]
[Result "0-1"]
[ECO "A07"]
[WhiteElo "2392"]
[BlackElo "2485"]
[Annotator "ChessBase"]
[PlyCount "131"]
[EventDate "2020.01.09"]
[EventType "swiss"]
[EventCountry "IND"]
[SourceTitle "playchess.com"]
[Source "ChessBase"]
[SourceQuality "1"]
[TimeControl "5400+30"]

1. Nf3 d5 2. g3 Nf6 3. Bg2 c6 4. O-O Bg4 5. d3 Nbd7 6. Qe1 e5 7. e4 dxe4 8. dxe4 Qc7 9. Nh4 Bc5 10. b4 Bd4 11. c3 Bb6 12. Na3 Be6 13. Nf5 O-O 14. Qe2 a5 15. Nc4 Bxf5 16. exf5 Nd5 17. Nxb6 Qxb6 18. Bd2 axb4 19. cxb4 Rfe8 20. Qc4 N7f6 21. a4 Qd4 22. Qxd4 exd4 23. b5 cxb5 24. axb5 h6 25. g4 Rad8 26. Rfd1 b6 27. g5 hxg5 28. Bxg5 Nc3 29. Rd3 Re5 30. Bf1 Rxf5 31. Bh4 g5 32. Bg3 Nxb5 33. Ra6 Ne4 34. Rxb6 Nbc3 35. Rb4 Nxg3 36. hxg3 Rfd5 37. Rc4 Kg7 38. Bg2 R5d6 39. Rc5 Kg6 40. Bf3 f5 41. g4 fxg4 42. Bxg4 Rd5 43. Rc4 Ne4 44. Bf3 Kf5 45. Kg2 R5d6 46. Bxe4+ Kxe4 47. Rg3 Rd5 48. Ra4 R8d6 49. Re3+ Kf5 50. Rd3 Ke5 51. Kf3 Rc6 52. Ke2 Rc2+ 53. Kf3 g4+ 54. Kxg4 Rxf2 55. Kg3 Rf7 56. Rf3 Rdd7 57. Kf2 Rh7 58. Ke2 d3+ 59. Kd2 Rh2+ 60. Kd1 Rh1+ 61. Kd2 Rh2+ 62. Kd1 Rb7 63. Re3+ Kf5 64. Rf3+ Kg5 65. Re3 Kf5 66. Ra1 {Ke5} 0-1

[Event "18th Delhi GM Open 2020"]
[Site "Delhi"]
[Date "2020.01.12"]
[Round "6.16"]
[White "Pranesh M"]
[Black "Nguyen, Van Huy"]
[Result "1-0"]
[ECO "B12"]
[WhiteElo "2317"]
[BlackElo "2463"]
[Annotator "ChessBase"]
[PlyCount "89"]
[EventDate "2020.01.09"]
[EventType "swiss"]
[EventCountry "IND"]
[SourceTitle "playchess.com"]
[Source "ChessBase"]
[SourceQuality "1"]
[TimeControl "5400+30"]

1. e4 c6 2. d4 d5 3. e5 Bf5 4. Nf3 e6 5. Be2 Bb4+ 6. c3 Ba5 7. Nbd2 Nd7 8. O-O h6 9. Re1 Ne7 10. Nf1 Bb6 11. Ng3 Bg6 12. Nh4 O-O 13. Nxg6 fxg6 14. Bd3 Qe8 15. Be3 c5 16. Bb5 cxd4 17. cxd4 a6 18. Ba4 Ba5 19. Rf1 b5 20. Bc2 Nb6 21. b3 Rc8 22. Rc1 Qf7 23. Ne2 Bb4 24. Bb1 Nf5 25. Rxc8 Nxc8 26. Bc1 Nfe7 27. f4 h5 28. g3 Nf5 29. h3 Nh6 30. Kg2 Ne7 31. Be3 Rc8 32. Bf2 Qe8 33. Qd3 a5 34. Qf3 Ba3 35. g4 hxg4 36. hxg4 Bb2 37. Rh1 Nc6 38. f5 gxf5 39. gxf5 exf5 40. Bxf5 Rd8 41. Be3 Qe7 42. Qh3 Nxd4 43. Nxd4 Bxd4 44. Be6+ Kf8 45. Rf1+ 1-0